 Dungeon Crawl Stone Soup version 0.23.1-37-gaa34b87b72 (webtiles) character file.

Game seed: 8275852392848911649

73 GGGomer the Bolt Thrower (level 4, 0/37 HPs)
             Began as a Minotaur Hunter on Mar 20, 2019.
             Succumbed to an adder's poison
             ... on level 2 of the Dungeon.
             The game lasted 00:08:05 (1447 turns).

GGGomer the Bolt Thrower (Minotaur Hunter)          Turns: 1447, Time: 00:08:06

Health: 0/37       AC: 12    Str: 16 (17) XL:     4   Next: 8%
Magic:  3/3        EV:  5    Int: 10 (11) God:
Gold:   11         SH:  0    Dex: 14 (16) Spells: 3/3 levels left

rFire    . . .     SeeInvis .   a - +2 hand crossbow
rCold    . . .     Gourm    .   (no shield)
rNeg     . . .     Faith    .   j - +1 plate armour
rPois    .         Spirit   .   (helmet restricted)
rElec    .         Reflect  .   k - +0 cloak
rCorr    .         Harm     .   (no gloves)
MR       .....                  (no boots)
Stlth    ..........             (no amulet)
HPRegen  0.12/turn              b - +5 ring of dexterity
MPRegen  0.08/turn              c - +3 ring of intelligence

@: lethally poisoned (0 -> -8)
A: retaliatory headbutt, horns 2
a: no special abilities


You were on level 2 of the Dungeon.
You were completely stuffed.

You visited 1 branch of the dungeon, and saw 2 of its levels.

You collected 11 gold pieces.

Inventory:

Hand Weapons
 a - a +2 hand crossbow (weapon)
 h - a +3 flail of holy wrath
 l - a +0 spear
Missiles
 d - 6 bolts (quivered)
Armour
 i - a +0 scale mail
 j - a +1 plate armour (worn)
 k - a +0 cloak (worn)
Jewellery
 b - a +5 ring of dexterity (left hand)
 c - a +3 ring of intelligence (right hand)
Scrolls
 e - a scroll of remove curse


   Skills:
 + Level 2.9 Fighting
 + Level 5.7 Crossbows
 + Level 0.4 Armour
 + Level 2.4 Dodging
 + Level 1.1 Stealth


You had 3 spell levels left.
You didn't know any spells.
Your spell library was empty.

Dungeon Overview and Level Annotations

Branches:
Dungeon (2/15)

Altars:


Innate Abilities, Weirdness & Mutations

You reflexively headbutt those who attack you in melee.
You have a pair of horns on your head.


Message History

* * * LOW HITPOINT WARNING * * *
You feel sick.
Wear which item? (? for menu, Esc to quit)
Okay, then.
You aren't carrying any potions.
As you read the scroll labeled OCUTUCL NOFO, it crumbles to dust.
It is a scroll of enchant weapon.
Your +1 hand crossbow glows red for a moment.
* * * LOW HITPOINT WARNING * * *
You feel sick.
Okay, then.
Firing (i - inventory)
d - 6 bolts (quivered)
Press: ? - help, Shift-Dir - straight line, f - you
Okay, then.
Unknown command.
You eat one of the 2 rations.
That ration really hit the spot!
You eat the ration.
That ration really hit the spot!
* * * LOW HITPOINT WARNING * * *
You feel sick.
You die...

#.......######## ##...
###...### # .....##
#...# # .≈≈...$ ##.## ##
......≈ #.# ##. ≈≈≈≈≈..
#.### ##.. ≈≈≈≈≈..
#.#.## ##...
≈≈≈≈≈.≈#####....####....
.(≈≈≈≈)@...........'....
_≈≈≈≈..######...####....
..≈≈≈.. ##..# ##...
≈≈≈≈≈.. #...# ##..
≈≈≈≈≈≈. #.### ##.
≈≈≈≈≈.. #.# ## ≈...≈..
#.# # ...≈≈%. #.# # #.#
##


There were no monsters in sight!

Vanquished Creatures
  Terence (D:2)
  An adder (D:2)
  A leopard gecko (D:1)
  3 giant cockroaches
  6 goblins (D:1)
  6 hobgoblins
  8 bats (D:1)
  5 frilled lizards
  3 kobolds
  3 rats (D:1)
37 creatures vanquished.

Notes
Turn   | Place    | Note
-------+----------+-------------------------------------------
     0 | D:1      | GGGomer the Minotaur Hunter began the quest for the Orb.
     0 | D:1      | Reached XP level 1. HP: 18/18 MP: 0/0
   137 | D:1      | Reached XP level 2. HP: 21/25 MP: 1/1
   159 | D:1      | Reached skill level 5 in Crossbows
  1040 | D:2      | Reached XP level 3. HP: 30/30 MP: 2/2
  1218 | D:2      | Noticed Terence
  1233 | D:2      | Killed Terence
  1422 | D:2      | Found a faded altar of an unknown god.
  1442 | D:2      | Reached skill level 1 in Stealth
  1442 | D:2      | Reached XP level 4. HP: 5/37 MP: 3/3
  1446 | D:2      | HP: 1/37 [poisoned by an adder]
  1447 | D:2      | Succumbed to an adder's poison

Skill      XL: |  1  2  3 |
---------------+----------+-----
Crossbows      | 5 |  5.7
Stealth        | 1 |  1.1
Fighting       | |  2.9
Armour         | |  0.4
Dodging        | |  2.4

Action                   |  1- 3 |  4- 6 || total
-------------------------+-------+-------++-------
Melee: Short sword       |     9 |       ||     9
       Headbutt          |     4 |       ||     4
       Spear             |    20 |       ||    20
 Fire: Hand crossbow     |    85 |       ||    85
  Use: Scroll            |     2 |     1 ||     3
       Potion            |     2 |       ||     2
  Eat: Chunk             |     1 |       ||     1
       Ration            |       |     3 ||     3
Armor: Leather armour    |     7 |       ||     7
       Plate armour      |    30 |       ||    30
Dodge: Dodged            |    15 |       ||    15
